Celery, chaotic female sylph Rogue ----------- |.........| |.........| |.....^....# ------.----# ## # # # ### # # # ### # # # ## ####### #### -------------- -.---------- ## .............| |.........a.#fEa#####...............| |.....<....| $.............+ |........... --------------- |..........| |........... ------------ Celery the Rogue Experience level: 6 Strength: 8 Dexterity: 20 Constitution: 14 Intelligence: 11 Wisdom: 12 Charisma: 8 Health: 0(55) Energy: 19(19) Def: 1 Gold: 0 Moves: 3836 Dungeon seed: tc26DZcT1kWeH7Wh Game ID: Celery_1469730725 Your Inventory: Weapons b - an uncursed +0 dagger named SSSSSSSSSSSSS (weapon in hand) M - 10 uncursed +0 daggers (in quiver) Armor r - an uncursed +0 cloak of invisibility (being worn) N - an uncursed +0 Hawaiian shirt (being worn) Comestibles F - an uncursed lichen corpse Scrolls K - an uncursed scroll of scare monster Wands h - an uncursed wand of opening (0:3) k - an uncursed wand of lightning (0:3) P - an uncursed wand of enlightenment (0:11) Tools d - an uncursed lock pick f - an uncursed sack g - an uncursed blindfold v - 6 uncursed tallow candles (0:200) R - a blessed magic lamp (lit) Gems y - 2 uncursed worthless pieces of black glass Contents of the sack: 315 gold pieces a blessed scroll of blank paper an uncursed scroll of charging a blessed scroll of create monster 2 uncursed scrolls of create monster an uncursed scroll of gold detection a blessed scroll of identify an uncursed scroll of magic mapping an uncursed scroll of remove curse an uncursed scroll of scare monster a blessed scroll of teleportation an uncursed scroll of teleportation an uncursed spellbook of cone of cold an uncursed spellbook of detect monsters an uncursed spellbook of stone to flesh an uncursed potion of enlightenment an uncursed potion of gain energy 2 uncursed potions of healing an uncursed potion of oil an uncursed potion of sickness Spells and supernatural/magical abilities: Name Level Category Fail Memory n - detect monsters 1 divination 44% 99% o - cone of cold 4 attack 100% 99% S - stone to flesh 3 healing 56% 99% W - pray for help -- divine ? -- Your skills at the end: Miscellaneous Skills wands [Basic] Weapon Skills dagger [Skilled] short sword [Basic] Spellcasting Skills healing spells [Basic] Final Attributes: You were piously aligned. You saw invisible. You had infravision. You were invisible to others. You were stealthy. You were protected from shape changers. You are dead. Vanquished creatures: 2 large mimics a small mimic a rock piercer a pony a shrieker 2 elf zombies a ghoul a giant ant a floating eye a giant bat 2 orc zombies 3 killer bees 2 acid blobs 6 geckos 2 giant rats a red mold 5 garter snakes 11 manes 8 jackals a fox 2 kobolds 11 newts a goblin 2 sewer rats 3 grid bugs 4 bats 7 lichens a kobold zombie 84 creatures vanquished. Voluntary challenges: You were vegetarian. You did not adorn yourself with jewelry or accessories. You used a wielded weapon 156 times, starting on turn 1. You did not apply a unicorn horn. You read items or engraved 32 times, starting on turn 61. You never genocided any monsters. You never polymorphed an object. You never changed form. You used no wishes. You never split a pudding. You never wrote Elbereth's name. You never violated your personal moral code. Dungeon overview: The Dungeons of Doom: levels 1 to 6 Level 1 a fountain a long staircase Level 2 a sink Level 3 a sink Level 4 a fountain a long staircase Level 5 a scroll shop, some fountains Level 6 <- You were here History has recorded: On T:1 you entered the Dungeons of Doom to retrieve the Amulet of Yendor! On T:370 you reached level 2 of The Dungeons of Doom. On T:537 you advanced to experience level 2. On T:955 you reached level 3 of The Dungeons of Doom. On T:1086 you advanced to experience level 3. On T:1374 you reached level 4 of The Dungeons of Doom. On T:1819 you reached level 5 of The Dungeons of Doom. On T:1835 you advanced to experience level 4. On T:2269 you advanced to experience level 5. On T:3289 you advanced to experience level 6. On T:3772 you reached level 6 of The Dungeons of Doom. Score breakdown: Gold: 315 ( 31 points) Experience: 6 levels ( 500 points) Exploration: 6 levels ( 150 points) Discoveries: 22 items ( 1100 points) Variety of kills: 28 monsters ( 1400 points) Major goal: (nothing yet) ( 0 points) Survival: died (score multiplied by 3) Total score: 9543 Latest messages: M - 4 uncursed +0 daggers (in quiver). M - an uncursed +0 dagger (in quiver). Taco bites the ghoul. The ghoul misses Taco. The ghoul scratches Taco. Taco bites the ghoul. The ghoul misses Taco. The ghoul scratches Taco. You destroy the ghoul! You hear some noises. You hear some noises in the distance. You displace Taco. The soldier ant bumps right into you! The soldier ant bites! The soldier ant stings! You stab the soldier ant! The soldier ant bites! The soldier ant stings! You stab the soldier ant. The soldier ant bites! The soldier ant stings! The soldier ant bites! The soldier ant stings! You stop. Taco is in the way! The soldier ant bites! You die... Final status: Goodbye Celery the Rogue, killed by a soldier ant... You died in The Dungeons of Doom on dungeon level 6 with 9543 points, and 315 pieces of gold, after 3836 moves. You were level 6 with a maximum of 55 hit points when you died.